 Dungeon Crawl Stone Soup version 0.31-a0-441-g867994ef1c (webtiles) character file.

Game seed: 16105789218558261722

326 jasper the Changeling (level 6, -2/44 HPs)
             Began as a Human Shapeshifter on Aug 2, 2023.
             Slain by a black bear (6 damage)
             ... on level 4 of the Dungeon.
             The game lasted 00:08:52 (2983 turns).

jasper the Changeling (Human Shapeshifter)          Turns: 2983, Time: 00:08:52

Health: -2/44      AC:  6    Str: 15    XL:     6   Next: 79%
Magic:  6/6        EV: 11    Int:  8    God:
Gold:   132        SH:  0    Dex: 16    Spells: 5/5 levels left

rFire   . .          .
                       - Unarmed
rCold   . . .        (no shield)
rNeg    + . .        e - +1 ring mail
rPois   .            g - melded +0 helmet
rElec   .            (cloak currently unavailable)
rCorr   .            (gloves currently unavailable)
SInv    .            (boots currently unavailable)
Will    .....        (no amulet)
Stlth   +            k - ring of positive energy
HPRegen 0.27/turn    (no ring)
MPRegen 0.10/turn

%: no passive effects
@: beast-form
A: beast (slay +3)
a: Begin Untransformation


You were on level 4 of the Dungeon.
You were a hulking beast.
You visited 1 branch of the dungeon, and saw 4 of its levels.

You collected 171 gold pieces.
You spent 39 gold pieces at shops.

Inventory:

Hand Weapons
 b - a +0 short sword of chaos
Missiles
 h - 43 stones
Armour
 a - a +0 animal skin
 e - a +1 ring mail (worn)
 g - a +0 helmet (melded)
Jewellery
 k - a ring of positive energy (left hand)
Talismans
 c - a beast talisman (active)
Scrolls
 f - a scroll of identify
Potions
 d - a potion of mutation
 l - a potion of curing
 m - a potion of magic


   Skills:
 + Level 2.0 Fighting
 + Level 2.7 Dodging
 * Level 4.1 Unarmed Combat
 - Level 5.1 Shapeshifting


You had 5 spell levels left.
You didn't know any spells.
Your spell library contained the following spells:

 Spells                   Type           Power      Damage    Failure   Level
 Magic Dart               Conj           0%         1d3       65%         1
 Searing Ray              Conj           0%         2d4       78%         2
 Stone Arrow              Conj/Erth      0%         3d7       95%         3
 Animate Armour           Summ/Erth      0%         N/A       100%        4
 Fulminant Prism          Conj/Hex       0%         3d5       100%        4
 Lehudib's Crystal Spear  Conj/Erth      0%         10d2      100%        8


Dungeon Overview and Level Annotations

Branches:
Dungeon (4/15)             Temple (0/1) D:4

Altars:
Zin

Shops:
D:2 =!   D:4 (


Message History

The black bear barely misses you.
The black bear claws you but does no damage.
You barely miss the black bear. The black bear closely misses you.
The black bear claws you but does no damage. x2
You punch the black bear!
The black bear is moderately wounded.
The black bear bites you. The black bear claws you.
The black bear barely misses you.
You take 1 damage, and have 30/44 hp.
You hit the black bear.
The black bear is moderately wounded.
The black bear bites you but does no damage.
The black bear claws you but does no damage.
The black bear barely misses you.
You hit the black bear.
The black bear is moderately wounded.
The black bear bites you.
The black bear claws you but does no damage.
The black bear closely misses you.
You take 6 damage, and have 24/44 hp.
You hit the black bear.
The black bear is heavily wounded.
The black bear bites you but does no damage.
The black bear claws you. The black bear barely misses you.
You take 3 damage, and have 21/44 hp.
You punch the black bear!
The black bear is severely wounded.
The black bear bites you. The black bear claws you. x2
You take 5 damage, and have 16/44 hp.
You completely miss the black bear.
The black bear is severely wounded.
The black bear goes berserk!
You punch the black bear!
The black bear is almost dead.
The black bear bites you!
* * * LOW HITPOINT WARNING * * *
The black bear claws you.
* * * LOW HITPOINT WARNING * * *
The black bear claws you.
You die...

.##.#...........##......##..#..##
.##...#......#.####.......#..#.##
...........#...# ##...##.##...#.
....#..###.#...# #...##.##.....
......##.......### #.......#.....
.##..........#...# #######.......
g##.#.#.......##.# #.......
...............#h# #.......
...#.#...†.....#h#########..8.8.8
.....#.....)...#.....##..........
..####.........#.....##.....<.∩.>
..# #.........#.................
.....................##...##8.8.8
..####.........#.....##...##.....
..# #.........#.....#######.....
..# #.........#.....# ##....
#.........#.....# ##...


You could see a black bear (berserk).

Vanquished Creatures
  A howler monkey (D:4)
  3 jellies
  A sleepcap (D:4)
  An iguana (D:3)
  9 adders
  A worm (D:3)
  2 dart slugs (D:4)
  4 ball pythons
  2 endoplasms (D:3)
  A giant cockroach (D:4)
  6 hobgoblins
  5 jackals
  2 quokkas
  4 bats
  4 frilled lizards
  9 goblins
  10 kobolds
  7 rats
72 creatures vanquished.

Notes
Turn   | Place    | Note
-------+----------+-------------------------------------------
     0 | D:1      | jasper the Human Shapeshifter began the quest for the Orb.
     0 | D:1      | Reached XP level 1. HP: 15/15 MP: 1/1
   197 | D:1      | Reached XP level 2. HP: 18/21 MP: 2/2
   746 | D:2      | Reached XP level 3. HP: 12/26 MP: 3/3
   850 | D:2      | Identified the +1 robe "Deamumek" {Rampage Will- Int+4}
   855 | D:2      | Found a glowing silver altar of Zin.
   985 | D:2      | Reached skill level 4 in Shapeshifting
  1139 | D:2      | Reached XP level 4. HP: 32/32 MP: 4/4
  1161 | D:2      | Found Juzugos's Distillery.
  1180 | D:2      | Bought a potion of curing for 39 gold pieces
  1289 | D:2      | Found Coediteo's Jewellery Emporium.
  1749 | D:3      | HP: 1/32 [iguana (13)]
  1839 | D:3      | Reached XP level 5. HP: 35/37 MP: 5/5
  1920 | D:3      | Reached skill level 5 in Shapeshifting
  2690 | D:4      | Reached XP level 6. HP: 40/43 MP: 6/6
  2825 | D:4      | Found a staircase to the Ecumenical Temple.
  2829 | D:4      | Noticed a black bear
  2904 | D:4      | Found Zaudoz's Antique Weapon Shop.
  2983 | D:4      | Slain by a black bear

Illustrated notes

Levels and vault maps discovered:
D:1:      minmay_arrival_three_doors, layout_rooms
D:2:      layout_loops_ring, basic_altar, serial_shops,
          nicolae_shop_tiny_statue_garden, shop, st_stairs_7
D:3:      layout_loops_ring, patterned_corridor
D:4:      layout_rooms, minmay_temple_entry_stoned_glass, serial_shops,
          nicolae_stop_n_shop_2

Skill      XL: |  1  2  3  4  5  6 |
---------------+-------------------+-----
Shapeshifting  | 4 5 |  5.1
Fighting       | 2 |  2.0
Unarmed Combat | 4 |  4.1
Dodging        | |  2.7

Action                     |  1- 3 |  4- 6 || total
---------------------------+-------+-------++-------
  Melee: Unarmed           |    83 |   137 ||   220
         Punch             |     3 |     2 ||     5
  Throw: Stone             |       |     2 ||     2
Ability: Begin Untransform |     1 |       ||     1
    Use: Scroll            |     2 |     9 ||    11
         Potion            |     1 |     2 ||     3
 Armour: Ring mail         |    30 |    52 ||    82
         Animal skin       |     1 |       ||     1
         Skin              |     5 |       ||     5
  Dodge: Dodged            |    63 |    68 ||   131
   Form: Beast             |     1 |       ||     1

Table legend: (Time is in decaauts)
 A = Elapsed time spent in this place.
 B = Non-inter-level travel time spent in this place.
 C = Inter-level travel time spent in this place.
 D = Time resting spent in this place.
 E = Time spent auto-exploring this place.
 F = Levels seen in this place.
 G = Mean time per level.
                   A        B        C        D        E       F      G
               +--------+--------+--------+--------+--------+-----+--------+
         Total |   2968 |   2920 |     48 |     95 |   2184 |   4 |  742.0 |
       Dungeon |   2968 |   2920 |     48 |     95 |   2184 |   4 |  742.0 |
               +--------+--------+--------+--------+--------+-----+--------+

Top non-repeatable levels by time:
     D:3: 1006 daAuts
     D:2: 801 daAuts
     D:1: 716 daAuts
     D:4: 443 daAuts
